 Dungeon Crawl Stone Soup version 0.31.0-1-g2c135a008e (webtiles) character file.

Game seed: 15981743850751656973

65 qw the Shooter (level 4, 0/38 HPs)
             Began as a Djinni Hunter on Jan 24, 2024.
             Killed by nerve-wracking pain
             ... invoked by an orc priest
              (14 damage)
             ... on level 3 of the Dungeon.
             The game lasted 00:00:08 (1870 turns).

qw the Shooter (Djinni Hunter)                      Turns: 1870, Time: 00:00:08

Health: 0/38       AC:  3    Str: 10    XL:     4   Next: 35%
Gold:   78         EV: 12    Int: 11    God:
                   SH:  0    Dex: 18

rFire   + + .        a - +2 shortbow
rCold   . . .        (shield currently unavailable)
rNeg    . . .        c - +0 leather armour
rPois   inf          (no helmet)
rElec   .            (no cloak)
rCorr   .            (no gloves)
SInv    .            (boots unavailable)
Will    .....        (no amulet)
Stlth   ++           k - ring of protection from cold
HPRegen 0.26/turn    (no ring)
MPRegen 0.00/turn

%: infuse magic (-1 HP)
@: flying
A: sickness immunity, fire resistance 2, cold vulnerability 1, float, innate
caster, HP casting, extra vitality 1, sense surroundings 1, robust 1
a: no special abilities


You were on level 3 of the Dungeon.
You visited 1 branch of the dungeon, and saw 3 of its levels.

You collected 78 gold pieces.


Innate Abilities, Weirdness & Mutations

You are immune to sickness and miasma.
You are immune to poison.
Your flesh is very heat resistant. (rF++)
You are vulnerable to cold. (rC-)
You float through the air rather than walking.
You learn spells naturally, not from books.
Your magical power is your life essence.
You have superior vitality. (+4 MHP)
You passively map a small area around you.
You are robust. (+10% HP)


   Skills:
 - Level 3.0 Fighting
 - Level 4.0 Ranged Weapons
 + Level 2.6 Dodging
 - Level 0.7 Stealth


You knew the following spells:

 Your Spells              Type           Power      Damage    Failure   Level
a - Magic Dart            Conj           0%         1d3       43%         1
Your spell library was empty.

Inventory:

Hand Weapons
 a - a +2 shortbow (weapon)
Armour
 b - a +2 hat
 c - a +0 leather armour (worn)
Jewellery
 k - a ring of protection from cold (left hand)
Scrolls
 e - a scroll of teleportation
 h - a scroll of identify
Potions
 d - a potion of invisibility {unknown}
 f - a potion of resistance
 g - 2 potions of might
 l - 2 potions of cancellation

Dungeon Overview and Level Annotations

Branches:
Dungeon (3/15)

Altars:

Annotations:
D:3 exclusions: 2 goblins, 2 jackals and quokka, Grinder


Message History

The orc moves out of view.
The orc priest shouts!
You hear a shout!
An orc wizard comes into view. It is wielding a +0 dagger.
Enter note: You shoot an arrow.
The arrow hits the orc priest.
The orc priest is lightly wounded.
The orc wizard casts a spell.
The orc wizard flickers and vanishes!
Deactivating autopickup; reactivate with Ctrl-A.
You shoot an arrow. The arrow barely misses the orc priest.
The orc priest calls upon Beogh to heal the orc priest.
The orc priest's wounds heal themselves!
The orc priest barely misses you.
You shoot an arrow. The arrow hits the orc priest.
The orc priest is moderately wounded.
The orc priest barely misses you.
You shoot an arrow.
The arrow hits the orc priest but does no damage.
The orc priest is moderately wounded.
The orc priest barely misses you.
An orc comes into view. It is wielding a +0 trident.
The orc priest calls down the wrath of Beogh upon you.
Pain shoots through your body!
The orc hits you from afar with a +0 trident.
You shoot an arrow.
The arrow hits the orc priest but does no damage.
The orc priest is moderately wounded.
You hear a shout!
The orc priest hits you with a +0 whip. The orc misses you.
You hear a shout!
You shoot an arrow. The arrow barely misses the orc priest.
The arrow completely misses the orc priest.
The orc priest hits you with a +0 whip. The orc barely misses you.
You shoot an arrow. The arrow hits the orc priest.
The orc priest is heavily wounded.
The orc priest looks encouraged for a moment.
The orc hits you from afar with a +0 trident.
The orc priest calls down the wrath of Beogh upon you.
Pain shoots through your body!
You die... * * * #.######..#.# .................#.# $.........#####...# o.................# ........######..### #.. ..... ##...# #.., ooo

, ,* ###.## #.#
#o#, ,, #.:.
#.# #@# , *
#### #.#* #.#,
,, * #.# #.# ,
* #.# ,#.# ,
##* #.## #.#
##. #..###.# ,
* ##..#
##..##.# *** *
#....###......#
#...#...#.#.#


You could see 2 orc priests and 2 orcs.

Vanquished Creatures
  2 adders
  A dart slug (D:3)
  2 ribbon worms
  5 ball pythons
  4 bats
  4 endoplasms
  2 giant cockroaches (D:1)
  7 hobgoblins
  A jackal (D:3)
  A kobold (D:1)
  3 quokkas
  A frilled lizard (D:2)
  2 goblins
  3 rats (D:3)
38 creatures vanquished.

Notes
Turn   | Place    | Note
-------+----------+-------------------------------------------
     0 | D:1      | qw the Djinni Hunter began the quest for the Orb.
     0 | D:1      | Reached XP level 1. HP: 18/18 MP: 0/0
     0 | D:1      | 0 ||| qw: Version: 0.3-a-136-gdd3b4e8
     0 | D:1      | 0 ||| qw: Game counter: 1386
     0 | D:1      | 0 ||| qw: Melee chars always use a shield: true
     0 | D:1      | 0 ||| qw: God list: Okawaru
     0 | D:1      | 0 ||| qw: Allow faded altars: false
     0 | D:1      | 0 ||| qw: Do Orc after clearing Dungeon:15 true
     0 | D:1      | 0 ||| qw: Do second Lair branch before Depths: true
     0 | D:1      | 0 ||| qw: Lair rune preference: random
     0 | D:1      | 0 ||| qw: Goals: Normal
     0 | D:1      | 0 ||| PLANNING D:1-11
    94 | D:1      | Reached XP level 2. HP: 21/23 MP: 0/0
   600 | D:1      | 600 ||| READING 2 scrolls labelled POPRAE UMPU.
   605 | D:1      | 605 ||| READING scroll labelled IBIN COTOWK.
   606 | D:1      | 606 ||| READING scroll labelled GIGHE BIOCUO.
   607 | D:1      | 607 ||| READING scroll labelled QAUTRE ISCHOBBU.
   607 | D:1      | 607 ||| IDENTIFYING 2 bubbling sapphire potions
   608 | D:1      | 608 ||| DRINKING 2 potions of mutation.
   608 | D:1      | Gained mutation: Your spells are a little harder to cast,
                  | but a little more powerful. [potion of mutation]
   608 | D:1      | Gained mutation: You are weak. (Str -2) [potion of
                  | mutation]
   608 | D:1      | Gained mutation: You expend health (3 HP) to strengthen
                  | your wands. [potion of mutation]
   609 | D:1      | 609 ||| DRINKING potion of mutation.
   609 | D:1      | Lost mutation: Your spells are a little harder to cast, but
                  | a little more powerful. [potion of mutation]
   609 | D:1      | Lost mutation: You expend health (3 HP) to strengthen your
                  | wands. [potion of mutation]
   609 | D:1      | Lost mutation: You are weak. (Str -2) [potion of mutation]
   609 | D:1      | Gained mutation: You are robust. (+10% HP) [potion of
                  | mutation]
   609 | D:1      | Gained mutation: You passively map a small area around you.
                  | [potion of mutation]
   616 | D:1      | 616 ||| DRINKING 2 metallic inky potions.
   617 | D:1      | 617 ||| DRINKING 2 pink potions.
   618 | D:1      | 618 ||| DROPPING scroll of butterflies.
   678 | D:2      | Reached XP level 3. HP: 30/30 MP: 0/0
   678 | D:2      | Learned a level 1 spell: Magic Dart
   718 | D:2      | Reached skill level 4 in Ranged Weapons
  1039 | D:2      | 1039 ||| UPGRADING to ring of protection from cold.
  1040 | D:2      | 1040 ||| READING 2 scrolls of identify.
  1040 | D:2      | 1040 ||| IDENTIFYING amethyst potion
  1041 | D:2      | 1041 ||| READING scroll of identify.
  1041 | D:2      | 1041 ||| IDENTIFYING 2 bubbling yellow potions
  1042 | D:2      | 1042 ||| READING 2 scrolls labelled JOZENE IWKATIE.
  1043 | D:2      | 1043 ||| READING 2 scrolls labelled NISEFE ZICO.
  1043 | D:2      | 1043 ||| ENCHANTING +0 shortbow.
  1044 | D:2      | 1044 ||| READING scroll of enchant weapon.
  1044 | D:2      | 1044 ||| ENCHANTING +1 shortbow.
  1045 | D:2      | 1045 ||| READING 2 scrolls labelled DAEVULL KETIOV.
  1100 | D:2      | 1100 ||| READING scroll labelled TEL DIEHOS.
  1201 | D:2      | 1201 ||| READING scroll labelled YJYGUR LYMO.
  1202 | D:2      | 1202 ||| DROPPING scroll of immolation.
  1203 | D:2      | 1203 ||| DROPPING potion of degeneration.
  1204 | D:2      | 1204 ||| DROPPING scroll of torment.
  1241 | D:3      | 1241 ||| FLEEEEING.
  1242 | D:3      | 1242 ||| FLEEEEING.
  1243 | D:3      | 1243 ||| FLEEEEING.
  1244 | D:3      | 1244 ||| FLEEEEING.
  1245 | D:3      | 1245 ||| STAIRDANCE
  1269 | D:3      | 1269 ||| STAIRDANCE
  1312 | D:3      | Noticed Grinder
  1461 | D:3      | Reached XP level 4. HP: 37/37 MP: 0/0
  1711 | D:3      | Found a faded altar of an unknown god.
  1721 | D:3      | Reached skill level 3 in Fighting
  1740 | D:3      | 1740 ||| FLEEEEING.
  1745 | D:3      | 1745 ||| FLEEEEING.
  1746 | D:3      | 1746 ||| FLEEEEING.
  1747 | D:3      | 1747 ||| FLEEEEING.
  1748 | D:3      | 1748 ||| FLEEEEING.
  1749 | D:3      | 1749 ||| FLEEEEING.
  1751 | D:3      | 1751 ||| FLEEEEING.
  1753 | D:3      | 1753 ||| FLEEEEING.
  1754 | D:3      | 1754 ||| FLEEEEING.
  1755 | D:3      | 1755 ||| FLEEEEING.
  1756 | D:3      | 1756 ||| FLEEEEING.
  1757 | D:3      | 1757 ||| FLEEEEING.
  1759 | D:3      | 1759 ||| FLEEEEING.
  1760 | D:3      | 1760 ||| FLEEEEING.
  1761 | D:3      | 1761 ||| FLEEEEING.
  1762 | D:3      | 1762 ||| FLEEEEING.
  1763 | D:3      | 1763 ||| FLEEEEING.
  1764 | D:3      | 1764 ||| FLEEEEING.
  1765 | D:3      | 1765 ||| FLEEEEING.
  1766 | D:3      | 1766 ||| FLEEEEING.
  1767 | D:3      | 1767 ||| FLEEEEING.
  1768 | D:3      | 1768 ||| FLEEEEING.
  1769 | D:3      | 1769 ||| FLEEEEING.
  1770 | D:3      | 1770 ||| FLEEEEING.
  1771 | D:3      | 1771 ||| FLEEEEING.
  1772 | D:3      | 1772 ||| FLEEEEING.
  1773 | D:3      | 1773 ||| FLEEEEING.
  1774 | D:3      | 1774 ||| FLEEEEING.
  1775 | D:3      | 1775 ||| FLEEEEING.
  1776 | D:3      | 1776 ||| FLEEEEING.
  1777 | D:3      | 1777 ||| FLEEEEING.
  1778 | D:3      | 1778 ||| FLEEEEING.
  1779 | D:3      | 1779 ||| FLEEEEING.
  1780 | D:3      | 1780 ||| FLEEEEING.
  1781 | D:3      | 1781 ||| FLEEEEING.
  1870 | D:3      | Killed from afar by an orc priest

Levels and vault maps discovered:
D:1:      dpeg_arrival_tiny_b, layout_loops_ring, kennysheep_nondescript
D:2:      layout_rooms, st_stairs_3
D:3:      kennysheep_goblin_castle, layout_basic,
          nicolae_ecumenical_snake_handling, uniq_grinder

Skill      XL: |  1  2  3  4 |
---------------+-------------+-----
Ranged Weapons | 4 |  4.0
Fighting       | 3 |  3.0
Dodging        | |  2.6
Stealth        | |  0.7

Action                     |  1- 3 |  4- 6 || total
---------------------------+-------+-------++-------
   Fire: Shortbow          |    80 |    32 ||   112
    Use: Scroll            |    12 |       ||    12
         Potion            |     4 |       ||     4
 Armour: Leather armour    |    17 |    18 ||    35
  Dodge: Dodged            |    20 |    12 ||    32

Table legend:
 A = Non-vault XP
 B = Vault XP
 C = Vault XP percentage of total XP
 D = Non-vault monster count
 E = Vault monster count
 F = Vault count percentage of total count
                 A         B        C        D         E       F
            +---------+---------+-------+---------+---------+-------
      Total |      71 |      23 |  24.5 |      31 |       7 |  18.4
            +---------+---------+-------+---------+---------+-------
        D:1 |      21 |       0 |   0.0 |      11 |       0 |   0.0
        D:2 |      31 |       3 |   8.8 |      10 |       2 |  16.7
        D:3 |      19 |      20 |  51.3 |      10 |       5 |  33.3
            +---------+---------+-------+---------+---------+-------
